 Dungeon Crawl Stone Soup version 0.17.2-1-ge4368a0 (webtiles) character file.

260 ololoev the Chopper (level 5, -4/42 HPs)
             Began as a Demonspawn Fighter on Oct 27, 2016.
             Slain by an ogre
             ... wielding a +0 giant club
              (7 damage)
             ... on level 5 of the Dungeon.
             The game lasted 00:04:07 (771 turns).

ololoev the Chopper (Demonspawn Fighter)             Turns: 771, Time: 00:04:07

Health: -4/42      AC: 16    Str: 18    XL:     5   Next: 95%
Magic:  5/5        EV: 12    Int:  9    God:
Gold:   89         SH:  0    Dex: 15    Spells: 0 memorised, 4 levels left

rFire  . . .     SeeInvis .     a - +1 war axe
rCold  . . .     Clarity  .     k - +0 chain mail (curse)
rNeg   . . .     SustAt   .     (no shield)
rPois  .         Gourm    .     (no helmet)
rElec  .         Spirit   .     (no cloak)
rCorr  .         Warding  .     (no gloves)
rMut   .         Stasis   .     (no boots)
MR     .....                    (no amulet)
Stlth  ..........               (no ring)
                                g - ring of loudness (curse)

@: agile, not resistant to hostile enchantments, extremely unstealthy
A: hooves 1, rough black scales 2
a: no special abilities


Innate Abilities, Weirdness & Mutations

You have large cloven feet.
You are mostly covered in rough black scales (AC +7, Dex -2).

Inventory:

Hand Weapons
 a - a +1 war axe (weapon)
Armour
 k - a cursed +0 chain mail (worn)
Jewellery
 g - a cursed ring of loudness (left hand)
Scrolls
 b - a scroll of recharging {unknown}
 c - a scroll of enchant weapon
 h - a scroll of remove curse {unknown}
 i - a scroll of magic mapping {unknown}
 l - a scroll of amnesia {unknown}
Comestibles
 d - a beef jerky
 e - 2 bread rations
 j - a royal jelly
 m - 3 meat rations


   Skills:
 + Level 4.0 Fighting
 * Level 4.3 Axes
 + Level 3.8 Armour
   Level 2.6 Shields


You had 4 spell levels left.
You didn't know any spells.


You were on level 5 of the Dungeon.
You were not hungry.

You visited 1 branch of the dungeon, and saw 5 of its levels.

You collected 89 gold pieces.

#....# #...<# ....#
...######.
#.#.......
####.#...?...
#..Ja.a......
#..)#O##....... #.#
#@# .............. #
#.# .....#........
#.##.......##.....
#.#...............
#.#.####..........
###...#####..#......
#.....#.....##......
#.###...............
... #.........#.....

Notes
Turn   | Place    | Note
--------------------------------------------------------------
     0 | D:1      | ololoev the Demonspawn Fighter began the quest for the Orb.
     0 | D:1      | Reached XP level 1. HP: 18/18 MP: 1/1
   130 | D:2      | Gained mutation: You have large cloven feet. [demonic ancestry]
   130 | D:2      | Reached XP level 2. HP: 18/24 MP: 2/2
   488 | D:3      | Gained mutation: You are partially covered in rough black scales (AC +4, Dex -1). [demonic ancestry]
   488 | D:3      | Reached XP level 3. HP: 24/29 MP: 3/3
   660 | D:5      | Entered Level 5 of the Dungeon
   673 | D:5      | Noticed a centaur
   688 | D:5      | Killed a centaur
   688 | D:5      | Reached XP level 4. HP: 25/37 MP: 4/4
   711 | D:5      | Gained mutation: You are mostly covered in rough black scales (AC +7, Dex -2). [demonic ancestry]
   711 | D:5      | Reached XP level 5. HP: 27/42 MP: 5/5
   721 | D:5      | Reached skill level 4 in Axes
   756 | D:5      | Noticed an ogre
   760 | D:5      | HP: 1/42 [ogre/giant club (15)]
   771 | D:5      | Slain by an ogre

Dungeon Overview and Level Annotations

Branches:
Dungeon (5/15)
 Temple: D:4-7

Altars:


Message History

d - a beef jerky
Found a stone staircase leading up.
An ogre comes into view. It is wielding a giant club.
The ogre shouts!
Found a scroll labeled TIMIJAR SARI.
Found a hunting sling.
A jelly comes into view.
You feel a little less mighty now.
The jelly quivers.
A giant frog skeleton comes into view.
The ogre hits you with a giant club!
A worker ant comes into view.
You closely miss the ogre.
The worker ant twitches its antennae in your direction.
The ogre hits you but does no damage.
You slash the ogre! You kick the ogre, but do no damage.
The ogre is moderately wounded.
The ogre misses you.
The giant frog skeleton hits you but does no damage.
You completely miss the giant frog skeleton.
Your kick misses the giant frog skeleton.
The giant frog skeleton hits you but does no damage.
You slash the giant frog skeleton!
You kick the giant frog skeleton, but do no damage.
The giant frog skeleton hits you but does no damage. x2
You slash the giant frog skeleton!
The giant frog skeleton hits you but does no damage. x2
You barely miss the giant frog skeleton.
The giant frog skeleton hits you but does no damage.
You aren't carrying any potions.
Read which item? (? for menu, Esc to quit)
As you read the scroll labeled KEM IKITWI, it crumbles to dust.
It is a scroll of enchant weapon.
Enchant which weapon? (? for menu, Esc to quit)
Your +0 war axe glows red for a moment.
The giant frog skeleton misses you.
The giant frog skeleton hits you but does no damage.
You hit the giant frog skeleton.
You destroy the giant frog skeleton!
The ogre hits you with a giant club!
You die...

You could see an ogre, a jelly and a worker ant.

Vanquished Creatures
  A centaur (D:5)
  A hound (D:5)
  A giant frog skeleton (D:5)
  An iguana (D:5)
  2 worker ants (D:5)
  An adder (D:3)
  3 giant geckos
  An orc (D:5)
  A ball python (D:1)
  2 bat skeletons (D:2)
  3 goblins
  3 hobgoblins
  A quokka (D:5)
  2 bats
  A giant cockroach (D:1)
  2 giant gecko skeletons (D:2)
  2 giant newts (D:3)
  6 jackals
  2 kobolds (D:1)
  A rat (D:3)
37 creatures vanquished.

Action                   |  1- 3 |  4- 6 || total
-------------------------+-------+-------++-------
Melee: War axe           |    82 |    30 ||   112
  Use: Potion            |       |     2 ||     2
       Scroll            |       |     1 ||     1

Vault maps used:
D:1:      dpeg_arrival_arbitrary_c
D:2:      serial_undead, serial_undead_f, serial_undead_e, serial_undead_b,
          serial_undead_a, serial_undead_e, serial_undead_a, serial_undead_e
D:3:      nicolae_ru_the_path_less_chosen, minivault_26
D:4:      grunt_temple_overflow_open, first_bread, item_on_display_a
